 Dungeon Sprint DCSS version bcrawl-1.21 (webtiles) character file.

Game seed: 3009307656482055352

15428 MordorOrchid the Thaumaturge (level 12, -25/84 HPs)
             Began as a Fairy Fire Elementalist on Feb 15, 2020.
             Was the Champion of Sif Muna.
             Killed from afar by a fire giant (27 damage)
             ... with a fireball
             ... in the Dungeon (Sprint V: "Ziggurat Sprint").
             The game lasted 00:25:05 (719 turns).

MordorOrchid the Thaumaturge (FrFE)                  Turns: 719, Time: 00:25:05

Health: -25/84     AC: 11    Str:  6    XL:     12   Next: 26%
Magic:  8/32       EV: 17    Int: 41    God:    Sif Muna [******]
Gold:   0          SH: 37    Dex: 13    Spells: 4/40 levels left

rFire    . . .     SeeInvis .   E - +5 rapier of the Thirsty Hells {pierce, rElec}
rCold    . . .     Gourm    +   B - +18 shield of the Gong {rElec rN+ MR+ EV-5}
rNeg     + . .     Faith    .   (armour unavailable)
rPois    +         Spirit   .   (no helmet)
rElec    +         Reflect  .   W - +0 cloak {rPois}
rCorr    .         Harm     .   (no gloves)
MR       ++...     NoTele   +   z - +2 pair of boots {Stlth++}
Stlth    +++.......             R - amulet of the gourmand
HPRegen  0.24/turn              v - +6 ring of intelligence
MPRegen  0.23/turn              u - +6 ring of intelligence

@: brilliant, hasted, very quick
A: small, magic attunement, unstealthy, unfitting armour, able to fly, AC/SH +7
a: Fly, Divine Energy, Channel Magic, Forget Spell, Renounce Religion


You were in the Dungeon.
You worshipped Sif Muna.
Sif Muna was exalted by your worship.
You were very full.

You visited 1 branch

Inventory:

Hand Weapons
 l - the +0 rapier "Byfross" {pierce, rElec rPois Str+7}
   (You found it in the Dungeon)

   It inflicts extra damage upon your enemies.
   It affects your strength (+7).
   It insulates you from electricity.
   It protects you from poison.
 x - a +5 blowgun
 D - the +6 shillelagh "Devastator" {shatter}
   (You found it in the Dungeon)
 E - the +5 rapier of the Thirsty Hells (weapon) {pierce, rElec}
   (You found it in the Dungeon)

   It inflicts extra damage upon your enemies.
   It insulates you from electricity.
 N - a +5 fustibalus
 O - a +5 hand crossbow
 P - a +5 hunting sling
Missiles
 b - 40 stones (quivered)
 T - 1213 arrows
 U - 1000 bolts
 V - 1000 sling bullets
Armour
 t - the +2 ratskin cloak {+Rats rN+}
   (You found it in the Dungeon)

   It protects you from negative energy.
 z - a +2 pair of boots of stealth (worn)
 B - the +18 shield of the Gong (worn) {rElec rN+ MR+ EV-5}
   (You found it in the Dungeon)

   It affects your evasion (-5).
   It insulates you from electricity.
   It protects you from negative energy.
   It affects your resistance to hostile enchantments.
 W - a +0 cloak of poison resistance (worn)
Magical Staves
 r - an uncursed staff of energy
 A - an uncursed staff of wizardry
Jewellery
 j - an uncursed ring of see invisible
 u - a +6 ring of intelligence (right hand)
 v - a +6 ring of intelligence (left hand)
 w - an uncursed ring of positive energy
 R - an amulet of the gourmand (around neck)
Wands
 o - a wand of disintegration (7)
 p - a wand of iceblast (1)
 q - a wand of acid (7)
Scrolls
 i - 3 scrolls of blinking
 H - 4 scrolls of amnesia
 I - 6 scrolls of fog
 J - 5 scrolls of identify
 K - 4 scrolls of remove curse
 L - 2 scrolls of fear
 Q - 8 scrolls of enchant armour
Potions
 a - a potion of brilliance
 c - 7 potions of heal wounds
 d - 9 potions of curing
 f - 5 potions of haste
 g - 7 potions of magic
 h - 3 potions of berserk rage
 k - 4 potions of resistance
 m - a potion of agility
 n - a potion of might
Miscellaneous
 s - a lamp of fire
 y - a lightning rod (3/4)
 F - a lamp of fire
Comestibles
 e - 7 rations {!d}


   Skills:
 * Level 8.8 Fighting
 * Level 13.6 Dodging
 - Level 1.5 Stealth
 * Level 12.8 Shields
 * Level 14.8 Spellcasting
 * Level 13.7 Conjurations
 - Level 4.0 Hexes
 * Level 7.1 Necromancy
 + Level 14.3 Fire Magic
 * Level 8.5 Earth Magic
 - Level 7.0 Invocations
 - Level 7.2 Evocations


You had 4 spell levels left.
You knew the following spells:

 Your Spells              Type           Power        Failure   Level  Hunger
a - Flame Tongue          Conj/Fire      #####        0%          1    None
e - Sticky Flame          Conj/Fire      ########     1%          4    None
f - Fireball              Conj/Fire      ########..   1%          5    None
h - Bolt of Magma         Conj/Fire/Erth ########..   1%          5    None
k - Regeneration          Chrm/Necr      ######....   1%          3    None
E - Borgnjor's Vile Clut  Necr/Erth      #######...   1%          6    None
F - Ignition              Fire           ########..   4%          8    None
J - Fulminant Prism       Conj/Hex       #######...   1%          4    None

Your spell library contained the following spells:

 Spells                   Type           Power        Failure   Level  Hunger
 Searing Ray              Conj           ########     0%          2    None
 Conjure Flame            Conj/Fire      ########     0%          3    None
 Apportation              Tloc           ######       1%          1    None
 Corona                   Hex            ######.      1%          1    None
 Freeze                   Ice            ######       1%          1    None
 Infusion                 Chrm           ######..     1%          1    None
 Pain                     Necr           ######       1%          1    None
 Sandblast                Erth           ######       1%          1    None
 Shock                    Conj/Air       #####        1%          1    None
 Corpse Rot               Necr           N/A          1%          2    None
 Flaming Arrows           Chrm/Fire      #######.     1%          2    None
 Passwall                 Tmut/Erth      ######..     1%          2    None
 Poisonous Vapours        Pois/Air       ######       1%          2    None
 Shackle                  Hex            ######..     1%          2    None
 Song of Slaying          Chrm           ######..     1%          2    None
 Sublimation of Blood     Necr           #######...   1%          2    None
 Swiftness                Chrm/Air       ######..     1%          2    None
 Throw Frost              Conj/Ice       ######       1%          2    None
 Beckoning                Tloc           ######....   1%          3    None
 Confuse                  Hex            ######..     1%          3    None
 Dazzling Spray           Conj/Hex       ######       1%          3    None
 False Image              Hex/Summ       ######..     1%          3    None
 Ignite Poison            Fire/Tmut/Pois #######.     1%          3    None
 Inner Flame              Hex/Fire       N/A          1%          3    None
 Mephitic Cloud           Conj/Pois/Air  #######.     1%          3    None
 Ozocubu's Armour         Chrm/Ice       ######..     1%          3    None
 Portal Projectile        Tloc           ######       1%          3    None
 Recall                   Summ/Tloc      N/A          1%          3    None
 Spectral Weapon          Hex/Chrm       ######..     1%          3    None
 Spider Form              Tmut/Pois      ###          1%          3    None
 Static Discharge         Air            ######..     1%          3    None
 Stone Arrow              Conj/Erth      ######       1%          3    None
 Cause Fear               Hex            ######....   1%          4    None
 Petrify                  Tmut/Erth      ######..     1%          4    None
 Yara's Violent Unravell  Hex/Tmut       ######....   1%          4    None
 Airstrike                Air            ######....   2%          4    None
 Force Lance              Tloc           ######..     2%          4    None
 Ice Form                 Ice/Tmut       ######..     2%          4    None
 Agony                    Necr           #######.     1%          5    None
 Bolt of Draining         Conj/Necr      #######...   1%          5    None
 Dispel Undead            Necr           #######.     1%          5    None
 Lee's Rapid Deconstruct  Erth           #######...   1%          5    None
 Lightning Bolt           Conj/Air       #######...   1%          5    None
 Bolt of Fire             Conj/Fire      ########..   1%          6    None
 Iron Shot                Conj/Erth      #######...   1%          6    None
 Orb of Destruction       Conj           ########..   1%          7    None
 Bolt of Cold             Conj/Ice       #######...   2%          6    None
 Conjure Ball Lightning   Conj/Air       #######...   2%          6    None
 Poison Arrow             Conj/Pois      #######...   2%          6    None
 Metabolic Englaciation   Hex/Ice        ######....   3%          5    None
 Silence                  Hex/Air        ######....   3%          5    None
 Mana Rupture             Conj/Hex       #######...   5%          7    None
 Passage of Golubria      Tloc           N/A          7%          5    None
 Summon Forest            Summ/Tloc      ######....   7%          5    None
 Summon Lightning Spire   Summ/Air       ######..     7%          5    None
 Simulacrum               Ice/Necr       ######....   9%          6    None
 Lehudib's Crystal Spear  Conj/Erth      #######...   16%         8    None
 Deflect Missiles         Chrm/Air       ######....   30%         6    None
 Dispersal                Tloc           ######....   30%         6    None
 Freezing Cloud           Ice/Air        ######....   30%         6    None
 Ozocubu's Refrigeration  Ice            ######....   30%         6    None
 Fire Storm               Conj/Fire      ########..   50%         9    None
 Controlled Blink         Tloc           N/A          100%        8    None
 Tornado                  Air            ######....   100%        9    None


Dungeon Overview and Level Annotations

Branches:
Dungeon (1/1)

Altars:
Ashenzari
Cheibriados
Dithmenos
Elyvilon
Fedhas
Gozag
Hepliaklqana
Kikubaaqudgha
Lugonu
Makhleb
Nemelex Xobeh
Okawaru
Qazlal
Ru
Sif Muna
Trog
Uskayaw
Vehumet
Wu Jian
Xom
Yredelemnul
Zin
The Shining One
Beogh
Jiyva


Innate Abilities, Weirdness & Mutations

Your spells do not cause hunger and MP costs are reduced by 1.
Your bright wings attract enemies. (Stealth-)
You cannot fit into any form of body armour.
Your shimmering scales are hard and can block incoming attacks. (AC +7, SH +7)
You are small and have problems with some larger weapons.
You can fly continuously.


Message History

The fireball engulfs the fire elemental.
The fire elemental completely resists.
The fireball engulfs the fire elemental.
The fire elemental completely resists.
The fireball engulfs you!
The fire giant escapes!
The efreet gestures at you.
The fireball explodes!
The fireball engulfs the fire elemental.
The fire elemental completely resists.
The fireball engulfs the fire elemental.
The fire elemental completely resists.
The fireball engulfs you!
* * * LOW HITPOINT WARNING * * *
The fire dragon breathes flames at you.
The blast of flame hits the fire elemental.
The fire elemental completely resists.
The blast of flame misses you.
The fire giant gestures at you while chanting.
The fireball explodes!
The fireball engulfs the fire elemental.
The fire elemental completely resists.
The fireball engulfs you!
You die...

▓..:)|.|..▓.
▓..[.[)[..▓..}..|)..▓.
▓.........▓.........▓.
....).CC.▓.........▓.
▓ .CR.°.. ▓.........▓.
▓. ..DR○ .▓.........▓.
▓..▓...▓..▓....)....▓.
▓.▓..EE.▓.▓.▓.....▓.▓.
▓....@....▓....©....▓▓
▓▓▓▓▓▓▓▓▓▓▓▓▓▓▓▓▓▓▓▓▓


You could see 3 fire giants, a fire dragon, 2 efreet and 2 fire elementals.

Vanquished Creatures
  A tentacled starspawn (D)
  A balrug (D)
  A deep elf death mage (D)
  A dancing weapon (D)
  2 hell hogs (D)
  A glowing orange brain (D)
  A flayed ghost (D)
  A deep elf archer (D)
  An orc sorcerer (D)
  6 deep elf magi (D)
  A worldbinder (D)
  A rust devil (D)
  A naga mage (D)
  A hellion (D)
  An efreet (D)
  A tormentor (D)
  2 large abominations (D)
  5 slime creatures (D)
  A vampire (D)
  Sigmund (D)
  An air elemental (D)
  A ynoxinul (D)
  A golden eye (D)
  2 water moccasins (D)
  A hell hound (D)
  Duvessa (D)
  Blork the orc (D)
  2 earth elementals (D)
  Dowan (D)
  A crimson imp (D)
  4 jellies (D)
  Crazy Yiuf (D)
  Jessica (D)
  3 adders (D)
  A shadow imp (D)
  2 white imps (D)
  An ufetubus (D)
  An ooze (D)
  3 ball pythons (D)
60 creatures vanquished.

Vanquished Creatures (others)
  A dancing weapon (D)
  A hell hog (D)
  A deep elf knight (D)
  A flying skull (D)
  A jackal skeleton (D)
  A leopard gecko zombie (D)
  A quokka zombie (D)
  5 fulminant prisms (D)
  2 starspawn tentacles (D)
14 creatures vanquished.

Grand Total: 74 creatures vanquished

Notes
Turn   | Place    | Note
-------+----------+-------------------------------------------
     0 | D        | MordorOrchid the Fairy Fire Elementalist began the quest
                  | for the Orb.
     0 | D        | Reached XP level 1. HP: 11/11 MP: 6/6
     0 | D        | Found a shimmering blue altar of Sif Muna.
     0 | D        | Found a sacrificial altar of Ru.
     0 | D        | Found a bloodstained altar of Trog.
     0 | D        | Found a stormy altar of Qazlal.
     0 | D        | Found an iron altar of Okawaru.
     0 | D        | Found a sparkling altar of Nemelex Xobeh.
     0 | D        | Found a blossoming altar of Fedhas.
     1 | D        | Found the +6 Majin-Bo {vamp, *Drain Str+12 Int+24}
     1 | D        | Found the +7 great mace "Firestarter" {inner flame, rF++}
    10 | D        | Became a worshipper of Sif Muna the Loreminder
    12 | D        | Found a burning altar of Makhleb.
    12 | D        | Found a corrupted altar of Lugonu.
    12 | D        | Found an ancient bone altar of Kikubaaqudgha.
    12 | D        | Found a transporter.
    12 | D        | Found a viscous altar of Jiyva.
    14 | D        | Found a hazy altar of Hepliaklqana.
    26 | D        | Found the +9 heavy crossbow "Sniper" {velocity, Acc+∞ SInv}
    26 | D        | Found the +10 dark maul {crush}
    26 | D        | Found the +15 Maxwell's patent armour {-Cast -Tele rElec
                  | MR+ rCorr}
    26 | D        | Found the +18 shield of the Gong {rElec rN+ MR+ EV-5}
    26 | D        | Found the cursed +14 obsidian axe {chop, +Fly SInv *Curse}
    35 | D        | Found the +6 shillelagh "Devastator" {shatter}
    35 | D        | Found the +11 plutonium sword {*Contam Stlth-}
    35 | D        | Found the +8 lance "Wyrmbane" {slay drac, rPois rF+ rC+
                  | AC+3}
    35 | D        | Found the +9 sword of Zonguldrok {reap}
    35 | D        | Found the cursed +13 scythe of Curses {drain, *Curse}
    35 | D        | Found the +0 sword of Power
    35 | D        | Found the +7 mace of Variability {chain chaos}
    35 | D        | Found the +7 Singing Sword {slice}
    35 | D        | Found the +7 longbow "Piercer" {penet, EV-2}
    38 | D        | Found an opulent altar of Gozag.
    56 | D        | Reached XP level 2. HP: 23/23 MP: 7/7
    61 | D        | Entered arena 2.
    61 | D        | Found a transporter.
    71 | D        | Entered arena 3.
    71 | D        | Noticed an earth elemental
    71 | D        | Noticed a deep elf death mage
    71 | D        | Noticed a +4 dire flail of protection
    71 | D        | Found a transporter.
    81 | D        | Killed a deep elf death mage
    81 | D        | Reached * piety under Sif Muna
    81 | D        | Reached ** piety under Sif Muna
    81 | D        | Identified Hyloun's Reference Book on the Harmful Glacier
                  | (Sif Muna gifted it to you in the Dungeon)
    81 | D        | Received a gift from Sif Muna
    81 | D        | Reached skill level 5 in Evocations
    81 | D        | Reached XP level 3. HP: 18/31 MP: 8/14
    81 | D        | Reached XP level 4. HP: 20/36 MP: 8/15
    81 | D        | Reached XP level 5. HP: 24/42 MP: 9/17
    81 | D        | Reached XP level 6. HP: 27/47 MP: 9/18
    81 | D        | Reached XP level 7. HP: 30/53 MP: 10/20
    81 | D        | Reached XP level 8. HP: 33/58 MP: 10/21
    81 | D        | Reached *** piety under Sif Muna
    89 | D        | HP: 2/58 [+4 dire flail of protection (33)]
    90 | D        | Killed a +4 dire flail of protection
    90 | D        | Received a gift from Sif Muna
    90 | D        | Reached skill level 10 in Fire Magic
    90 | D        | Reached skill level 5 in Invocations
    93 | D        | Got the cursed +0 rapier "Byfross" {pierce, rElec rPois
                  | Str+7}
   110 | D        | Learned a level 5 spell: Fireball
   115 | D        | Learned a level 4 spell: Sticky Flame
   126 | D        | Learned a level 4 spell: Fulminant Prism
   332 | D        | Entered arena 4.
   332 | D        | Noticed a rust devil
   332 | D        | Found a transporter.
   342 | D        | Killed a rust devil
   342 | D        | Reached **** piety under Sif Muna
   342 | D        | Identified Enyten's Compendium of Attacks (Sif Muna gifted
                  | it to you in the Dungeon)
   342 | D        | Received a gift from Sif Muna
   342 | D        | Reached skill level 1 in Hexes
   342 | D        | Reached XP level 9. HP: 63/63 MP: 16/24
   351 | D        | Entered arena 5.
   351 | D        | Noticed a deep elf mage
   351 | D        | Noticed a deep elf mage
   351 | D        | Noticed a deep elf mage
   351 | D        | Found a transporter.
   352 | D        | Found the +2 ratskin cloak {+Rats rN+}
   353 | D        | Killed a deep elf mage
   353 | D        | Killed a deep elf mage
   353 | D        | Reached skill level 10 in Dodging
   353 | D        | Reached skill level 10 in Spellcasting
   353 | D        | Killed a deep elf mage
   368 | D        | Identified Sif Muna's Almanac of Hurtful Stolen Souls (Sif
                  | Muna gifted it to you in the Dungeon)
   368 | D        | Received a gift from Sif Muna
   384 | D        | Learned a level 6 spell: Borgnjor's Vile Clutch
   386 | D        | Entered arena 6.
   386 | D        | Found a transporter.
   387 | D        | Reached skill level 10 in Shields
   389 | D        | Reached skill level 1 in Earth Magic
   389 | D        | Reached XP level 10. HP: 69/69 MP: 9/26
   416 | D        | Entered arena 7.
   417 | D        | Found a transporter.
   419 | D        | Reached skill level 1 in Necromancy
   421 | D        | Identified Sif Muna's Reference Book on Orientation and
                  | Stones (Sif Muna gifted it to you in the Dungeon)
   421 | D        | Received a gift from Sif Muna
   424 | D        | Reached ***** piety under Sif Muna
   432 | D        | Learned a level 5 spell: Bolt of Magma
   450 | D        | Entered arena 8.
   450 | D        | Noticed Sigmund
   450 | D        | Noticed Jessica
   450 | D        | Noticed Blork the orc
   450 | D        | Noticed Crazy Yiuf
   450 | D        | Noticed Dowan
   450 | D        | Noticed Duvessa
   453 | D        | Killed Jessica
   453 | D        | Killed Crazy Yiuf
   454 | D        | Killed Dowan
   455 | D        | Killed Blork the orc
   457 | D        | Killed Duvessa
   458 | D        | Killed Sigmund
   458 | D        | Identified Axkudghya's Grimoire of Harmful Companions (Sif
                  | Muna gifted it to you in the Dungeon)
   458 | D        | Received a gift from Sif Muna
   460 | D        | Found a transporter.
   477 | D        | Got the +8 broad axe "Guniker" {chop, Str+3 Int-2 SInv}
   480 | D        | Got the Grimoire of Snow and Orientation
   487 | D        | Got the +5 rapier of the Thirsty Hells {pierce, rElec}
   501 | D        | Entered arena 9.
   501 | D        | Noticed a naga mage
   505 | D        | Killed a naga mage
   505 | D        | Reached skill level 10 in Conjurations
   507 | D        | Found a transporter.
   528 | D        | Entered arena 10.
   528 | D        | Noticed a +1 scimitar of protection
   528 | D        | Noticed a deep elf mage
   528 | D        | Noticed a deep elf archer
   528 | D        | Noticed a deep elf knight
   528 | D        | Noticed an orc sorcerer
   528 | D        | Noticed a deep elf mage
   528 | D        | Noticed a deep elf mage
   529 | D        | Killed a deep elf mage
   531 | D        | Noticed a rust devil
   531 | D        | Killed a +1 scimitar of protection
   531 | D        | Reached skill level 5 in Earth Magic
   532 | D        | Found a transporter.
   533 | D        | Identified Sif Muna's Tome of Flamy Venom (Sif Muna gifted
                  | it to you in the Dungeon)
   533 | D        | Received a gift from Sif Muna
   538 | D        | Killed an orc sorcerer
   538 | D        | Reached XP level 11. HP: 54/75 MP: 5/29
   538 | D        | Killed a deep elf knight
   540 | D        | Killed a deep elf archer
   541 | D        | Killed a deep elf mage
   543 | D        | Killed a deep elf mage
   578 | D        | Learned a level 8 spell: Ignition
   593 | D        | Got the +10 broad axe "Hell-Harrower" {vamp, +Blink rElec
                  | rF- Int+7}
   605 | D        | Entered arena 11.
   605 | D        | Noticed a worldbinder
   605 | D        | Noticed a tentacled starspawn
   605 | D        | Noticed a glowing orange brain
   605 | D        | Noticed a large abomination
   607 | D        | Noticed a deep elf knight
   607 | D        | Noticed a deep elf mage
   607 | D        | Received a gift from Sif Muna
   609 | D        | Reached skill level 5 in Necromancy
   609 | D        | Killed a glowing orange brain
   609 | D        | Killed a worldbinder
   609 | D        | Killed a large abomination
   610 | D        | Reached ****** piety under Sif Muna
   610 | D        | Received a gift from Sif Muna
   613 | D        | Killed a tentacled starspawn
   615 | D        | Found a transporter.
   622 | D        | Learned a level 3 spell: Regeneration
   630 | D        | Got the Papyrus of Quantum Transformation
   632 | D        | Entered arena 12.
   632 | D        | Noticed a hell hog
   632 | D        | Noticed a flayed ghost
   641 | D        | Received a gift from Sif Muna
   641 | D        | Noticed a balrug
   646 | D        | Killed a flayed ghost
   648 | D        | Killed a hell hog
   648 | D        | Reached XP level 12. HP: 50/84 MP: 3/32
   652 | D        | Killed a balrug
   656 | D        | Found a transporter.
   669 | D        | Got the Grimoire of the Lonely Songs
   672 | D        | Got the +6 long sword "Ox" {slice, rN+}
   709 | D        | Entered arena 13.
   709 | D        | Noticed a fire giant
   709 | D        | Noticed a hell hog
   709 | D        | Noticed a hell hog
   709 | D        | Noticed a fire giant
   709 | D        | Noticed a fire giant
   709 | D        | Noticed a fire dragon
   717 | D        | Received a gift from Sif Muna
   717 | D        | Killed a hell hog
   718 | D        | Killed a hell hog
   719 | D        | HP: 2/84 [efreet/fireball (26)]
   719 | D        | Killed from afar by a fire giant

Skill      XL: |  1  2  3  4  5  6  7  8  9 10 11 12 |
---------------+-------------------------------------+-----
Fighting       | 4 6 7 8 |  8.8
Shields        | 6 8 9 10 11 12 | 12.8
Dodging        | 7 9 10 12 13 | 13.6
Spellcasting   | 7 9 10 12 14 | 14.8
Conjurations   | 6 7 8 10 13 | 13.7
Fire Magic     | 9 11 12 13 14 | 14.3
Invocations    | 4 5 6 7 |  7.0
Evocations     | 5 6 7 |  7.2
Hexes          | 1 3 4 |  4.0
Earth Magic    | 1 5 7 8 |  8.5
Necromancy     | 4 6 7 |  7.1
Stealth        | |  1.5

Action                   |  1- 3 |  4- 6 |  7- 9 | 10-12 || total
-------------------------+-------+-------+-------+-------++-------
Melee: Shillelagh        |     8 |       |    19 |       ||    27
       Rapier            |       |       |       |     6 ||     6
 Cast: Fireball          |       |       |     5 |    24 ||    29
       Fulminant Prism   |       |       |     4 |     1 ||     5
       Bolt of Magma     |       |       |       |    12 ||    12
       Sticky Flame      |       |       |       |     2 ||     2
       Flame Tongue      |       |       |       |     1 ||     1
       Borgnjor's Vile C |       |       |       |     4 ||     4
       Regeneration      |       |       |       |     2 ||     2
Invok: Channel Magic     |       |       |     1 |     6 ||     7
 Abil: Stop Flying       |       |       |     1 |       ||     1
Evoke: Wand              |       |       |       |     6 ||     6
       Sack of spiders   |       |       |       |     2 ||     2
       Lightning rod     |       |       |       |     5 ||     5
  Use: Potion            |     5 |       |     4 |    13 ||    22
       Scroll            |       |       |       |     3 ||     3
 Stab: Sleeping          |     1 |       |       |       ||     1
       Invisible         |       |       |     4 |       ||     4
  Eat: Chunk             |       |       |       |    28 ||    28
Dodge: Dodged            |       |       |     1 |    12 ||    13
Block: Shield            |     9 |       |    12 |    42 ||    63
